General information
- name: BNet
- type: Ladder team game (AT/RT)
- host: Battle.net
- saver: STormsINjuly
map: BloodstoneMesa
- players: 6
- length: 35:35
- speed: Fast
- version: 1.28 W3XP
- replay type:

» download(434 KB)
Players
team 1 (winner)
iceboy (
blue | 137 APM | 4866 actions | 35:34)
4 Archmage
2 Blizzard
2 Brilliance Aura
3 Mountain King
2 Storm Bolt
1 Bash
» actions
| Assign group hotkey | 579 | |
| Basic commands | 9 | |
| Build / train | 148 | |
| Enter build submenu | 88 | |
| Enter hero's abilities submenu | 9 | |
| Give item / drop item | 5 | |
| Remove unit from queue | 3 | |
| Right click | 2540 | |
| Select / deselect | 417 | |
| Select group hotkey | 811 | |
| Use ability | 257 | |
4866 total
» units
| Peasant | 33 | |
| Dragonhawk Rider | 8 | |
41 total
» upgrades
| Masonry | 3 | |
| Lumber Harvesting | 2 | |
| Magic Sentry | 1 | |
| Sorceress Training | 0 | |
| Priest Training | -1 | |
| Swords | 3 | |
| Armor | 3 | |
| Animal War Training | 1 | |
12 total
» buildings
| Altar of Kings | 1 | |
| Farm | 4 | |
| Lumber Mill | 1 | |
| Scout Tower | 88 | |
| Arcane Vault | 1 | |
| Arcane Tower | 5 | |
| Guard Tower | 48 | |
| Keep | 1 | |
| Castle | 1 | |
| Arcane Sanctum | 1 | |
| Town Hall | 2 | |
| Gryphon Aviary | 1 | |
| Blacksmith | 1 | |
| Barracks | 1 | |
156 total
» build order
00:07 Altar of Kings
00:13 Farm
00:50 Lumber Mill
01:28 Farm
02:00 Scout Tower
02:01 Scout Tower
02:18 Arcane Vault
02:29 Arcane Tower
03:08 Guard Tower
03:46 Scout Tower
03:47 Scout Tower
04:19 Scout Tower
04:22 Scout Tower
04:23 Scout Tower
04:35 Scout Tower
04:36 Scout Tower
04:52 Scout Tower
04:52 Scout Tower
04:53 Guard Tower
04:54 Scout Tower
05:20 Arcane Tower
05:21 Guard Tower
05:21 Guard Tower
05:28 Guard Tower
05:30 Guard Tower
05:30 Guard Tower
05:31 Scout Tower
05:32 Scout Tower
05:52 Guard Tower
06:00 Guard Tower
06:21 Scout Tower
06:40 Scout Tower
07:13 Guard Tower
07:21 Guard Tower
07:30 Guard Tower
07:55 Scout Tower
08:22 Guard Tower
08:24 Scout Tower
08:36 Scout Tower
08:37 Scout Tower
09:43 Guard Tower
09:45 Scout Tower
09:46 Scout Tower
09:53 Guard Tower
10:08 Scout Tower
10:08 Scout Tower
10:11 Guard Tower
10:12 Guard Tower
10:16 Scout Tower
10:17 Scout Tower
10:41 Guard Tower
10:56 Keep
11:29 Guard Tower
11:29 Guard Tower
11:35 Guard Tower
11:55 Scout Tower
11:58 Scout Tower
12:00 Scout Tower
12:20 Scout Tower
12:20 Scout Tower
12:21 Scout Tower
12:44 Scout Tower
12:45 Scout Tower
13:54 Farm
13:55 Farm
14:17 Guard Tower
14:18 Scout Tower
14:19 Scout Tower
14:21 Scout Tower
14:31 Scout Tower
14:32 Scout Tower
14:38 Guard Tower
14:39 Guard Tower
14:41 Guard Tower
15:05 Guard Tower
15:20 Scout Tower
15:21 Scout Tower
15:23 Scout Tower
15:23 Scout Tower
15:27 Scout Tower
15:28 Scout Tower
15:29 Scout Tower
15:30 Scout Tower
15:35 Guard Tower
15:46 Castle
15:50 Guard Tower
15:55 Guard Tower
15:56 Scout Tower
15:57 Scout Tower
15:58 Scout Tower
16:00 Scout Tower
16:01 Scout Tower
16:02 Scout Tower
16:03 Scout Tower
16:12 Arcane Sanctum
16:28 Guard Tower
16:34 Guard Tower
17:20 Town Hall
17:24 Guard Tower
17:50 Scout Tower
17:50 Scout Tower
18:32 Scout Tower
18:32 Scout Tower
18:57 Arcane Tower
18:58 Scout Tower
18:59 Scout Tower
19:00 Scout Tower
19:03 Scout Tower
19:50 Scout Tower
19:50 Guard Tower
19:50 Guard Tower
19:51 Guard Tower
20:22 Guard Tower
21:16 Gryphon Aviary
21:17 Blacksmith
23:07 Barracks
26:56 Town Hall
26:59 Scout Tower
26:59 Scout Tower
27:00 Scout Tower
27:00 Scout Tower
27:01 Scout Tower
27:01 Scout Tower
27:02 Scout Tower
27:02 Scout Tower
27:16 Scout Tower
27:17 Scout Tower
27:17 Scout Tower
27:18 Scout Tower
27:19 Scout Tower
27:19 Scout Tower
27:36 Arcane Tower
27:37 Guard Tower
27:41 Scout Tower
27:41 Scout Tower
27:42 Scout Tower
27:43 Scout Tower
28:15 Guard Tower
28:37 Arcane Tower
28:37 Guard Tower
29:01 Guard Tower
29:05 Guard Tower
29:09 Guard Tower
29:11 Scout Tower
29:11 Scout Tower
29:13 Scout Tower
29:13 Scout Tower
29:23 Scout Tower
29:24 Guard Tower
29:29 Guard Tower
30:00 Guard Tower
30:01 Scout Tower
30:03 Scout Tower
30:05 Guard Tower
30:38 Guard Tower
30:59 Guard Tower
» items
| Scroll of Regeneration | 6 | |
| Lesser Clarity Potion | 8 | |
| Healing Salve | 4 | |
| Scroll of Speed | 1 | |
| Scroll of Town Portal | 4 | |
| Orb of Lightning | 2 | |
| Potion of Healing | 1 | |
| Staff of Sanctuary | 2 | |
28 total
STormsINjuly (
red | 108 APM | 3838 actions | 35:35)
5 Archmage
3 Blizzard
2 Brilliance Aura
» actions
| Assign group hotkey | 67 | |
| Basic commands | 52 | |
| Build / train | 204 | |
| ESC pressed | 29 | |
| Enter build submenu | 133 | |
| Enter hero's abilities submenu | 5 | |
| Remove unit from queue | 1 | |
| Right click | 1859 | |
| Select / deselect | 978 | |
| Select group hotkey | 86 | |
| Use ability | 424 | |
3838 total
» units
» upgrades
| Masonry | 3 | |
| Lumber Harvesting | 2 | |
| Magic Sentry | 1 | |
6 total
» buildings
| Altar of Kings | 1 | |
| Farm | 7 | |
| Lumber Mill | 2 | |
| Scout Tower | 198 | |
| Arcane Tower | 1 | |
| Arcane Vault | 1 | |
| Guard Tower | 122 | |
| Town Hall | 2 | |
| Keep | 1 | |
| Castle | 2 | |
| Arcane Sanctum | 1 | |
338 total
» build order
00:09 Altar of Kings
00:20 Farm
00:51 Lumber Mill
01:17 Scout Tower
01:45 Scout Tower
01:46 Arcane Tower
01:51 Farm
02:01 Arcane Vault
02:21 Guard Tower
04:18 Scout Tower
04:18 Scout Tower
04:20 Scout Tower
04:45 Guard Tower
04:45 Guard Tower
04:47 Scout Tower
04:48 Scout Tower
05:31 Guard Tower
05:31 Guard Tower
05:44 Guard Tower
05:45 Guard Tower
05:46 Scout Tower
05:47 Scout Tower
05:59 Town Hall
06:00 Scout Tower
06:01 Scout Tower
06:01 Scout Tower
06:02 Scout Tower
06:27 Guard Tower
07:02 Scout Tower
07:03 Scout Tower
07:12 Guard Tower
07:29 Guard Tower
07:58 Guard Tower
08:25 Guard Tower
08:39 Scout Tower
08:40 Scout Tower
09:26 Keep
09:38 Guard Tower
09:40 Scout Tower
09:41 Scout Tower
09:41 Scout Tower
09:43 Scout Tower
09:44 Scout Tower
09:44 Scout Tower
09:44 Scout Tower
09:56 Farm
09:56 Farm
10:00 Scout Tower
10:00 Scout Tower
10:06 Scout Tower
10:07 Scout Tower
10:08 Scout Tower
10:09 Scout Tower
10:10 Scout Tower
10:11 Scout Tower
10:14 Guard Tower
10:14 Guard Tower
10:32 Guard Tower
10:32 Guard Tower
10:34 Guard Tower
10:34 Guard Tower
10:35 Guard Tower
10:35 Guard Tower
10:36 Scout Tower
10:37 Scout Tower
10:37 Scout Tower
10:39 Scout Tower
10:39 Scout Tower
10:39 Scout Tower
10:47 Guard Tower
10:47 Guard Tower
10:50 Guard Tower
10:54 Guard Tower
10:57 Scout Tower
10:58 Scout Tower
11:00 Guard Tower
11:00 Guard Tower
11:03 Scout Tower
11:04 Scout Tower
11:05 Scout Tower
11:06 Scout Tower
11:06 Scout Tower
11:07 Scout Tower
11:20 Guard Tower
11:22 Guard Tower
11:27 Guard Tower
11:27 Guard Tower
11:37 Guard Tower
11:37 Guard Tower
11:37 Guard Tower
11:46 Guard Tower
11:51 Guard Tower
11:51 Guard Tower
11:59 Scout Tower
12:00 Scout Tower
12:39 Guard Tower
12:39 Guard Tower
12:40 Guard Tower
12:40 Guard Tower
12:42 Scout Tower
12:42 Scout Tower
12:59 Scout Tower
13:00 Scout Tower
13:31 Guard Tower
13:31 Guard Tower
13:32 Scout Tower
13:33 Scout Tower
13:35 Lumber Mill
13:48 Scout Tower
13:48 Scout Tower
13:49 Scout Tower
14:13 Guard Tower
14:32 Scout Tower
14:37 Guard Tower
14:42 Guard Tower
14:51 Guard Tower
14:54 Scout Tower
14:55 Scout Tower
14:57 Guard Tower
14:57 Guard Tower
15:05 Castle
15:05 Castle
15:09 Guard Tower
15:09 Guard Tower
15:11 Scout Tower
15:12 Scout Tower
15:22 Scout Tower
15:22 Scout Tower
15:23 Scout Tower
15:24 Scout Tower
15:27 Scout Tower
15:28 Scout Tower
15:29 Scout Tower
16:04 Guard Tower
16:05 Guard Tower
16:09 Guard Tower
16:09 Guard Tower
16:09 Guard Tower
16:12 Scout Tower
16:13 Scout Tower
16:13 Scout Tower
16:14 Scout Tower
17:22 Farm
17:22 Farm
17:23 Farm
17:40 Scout Tower
17:40 Scout Tower
17:41 Scout Tower
18:03 Scout Tower
18:04 Scout Tower
18:10 Scout Tower
18:11 Scout Tower
18:11 Scout Tower
18:35 Arcane Sanctum
18:39 Guard Tower
18:47 Scout Tower
18:48 Scout Tower
18:48 Scout Tower
18:49 Scout Tower
19:16 Scout Tower
19:16 Scout Tower
19:17 Scout Tower
19:17 Scout Tower
19:18 Guard Tower
19:18 Guard Tower
19:19 Guard Tower
19:35 Guard Tower
19:35 Guard Tower
19:36 Scout Tower
19:37 Scout Tower
19:37 Scout Tower
19:37 Scout Tower
19:56 Guard Tower
19:56 Guard Tower
19:57 Scout Tower
19:58 Scout Tower
20:00 Scout Tower
20:01 Scout Tower
20:27 Guard Tower
21:02 Guard Tower
21:04 Scout Tower
21:05 Scout Tower
21:05 Scout Tower
21:21 Scout Tower
21:23 Scout Tower
21:24 Scout Tower
21:25 Scout Tower
21:28 Scout Tower
21:51 Guard Tower
21:51 Guard Tower
22:31 Guard Tower
22:31 Guard Tower
22:35 Scout Tower
22:36 Scout Tower
22:36 Scout Tower
22:37 Scout Tower
22:50 Scout Tower
22:50 Guard Tower
22:51 Guard Tower
23:14 Guard Tower
23:16 Scout Tower
23:16 Scout Tower
23:17 Scout Tower
23:20 Scout Tower
23:21 Scout Tower
23:47 Guard Tower
23:47 Guard Tower
23:50 Scout Tower
24:10 Guard Tower
24:10 Guard Tower
24:20 Scout Tower
24:28 Guard Tower
24:29 Scout Tower
24:29 Scout Tower
25:28 Guard Tower
25:28 Guard Tower
26:12 Scout Tower
26:13 Scout Tower
26:15 Scout Tower
26:43 Scout Tower
26:43 Scout Tower
26:44 Scout Tower
26:45 Scout Tower
27:20 Guard Tower
27:20 Guard Tower
27:21 Scout Tower
27:22 Scout Tower
27:22 Scout Tower
27:22 Scout Tower
27:39 Guard Tower
27:39 Guard Tower
27:42 Scout Tower
27:42 Scout Tower
27:43 Scout Tower
27:44 Scout Tower
27:45 Scout Tower
27:45 Guard Tower
27:45 Guard Tower
28:24 Scout Tower
28:31 Scout Tower
28:33 Scout Tower
28:52 Guard Tower
28:52 Guard Tower
28:53 Scout Tower
29:26 Guard Tower
29:56 Guard Tower
29:56 Guard Tower
29:59 Scout Tower
29:59 Scout Tower
30:00 Scout Tower
30:00 Scout Tower
30:01 Scout Tower
30:02 Scout Tower
30:02 Scout Tower
30:11 Scout Tower
30:12 Scout Tower
30:14 Scout Tower
30:14 Scout Tower
30:16 Scout Tower
30:16 Scout Tower
30:31 Scout Tower
30:41 Scout Tower
30:42 Scout Tower
30:43 Scout Tower
30:43 Scout Tower
30:44 Scout Tower
30:44 Scout Tower
31:16 Scout Tower
31:18 Scout Tower
31:36 Scout Tower
31:36 Scout Tower
32:36 Scout Tower
32:36 Scout Tower
32:37 Scout Tower
32:37 Scout Tower
32:38 Scout Tower
32:39 Scout Tower
32:51 Scout Tower
32:51 Scout Tower
32:52 Scout Tower
32:53 Scout Tower
32:53 Scout Tower
32:53 Scout Tower
32:54 Scout Tower
32:54 Scout Tower
33:06 Scout Tower
33:06 Scout Tower
33:08 Scout Tower
33:08 Scout Tower
33:10 Scout Tower
33:10 Scout Tower
33:12 Guard Tower
33:14 Guard Tower
33:14 Guard Tower
33:18 Guard Tower
33:18 Guard Tower
33:27 Guard Tower
33:27 Guard Tower
33:35 Guard Tower
33:35 Guard Tower
33:37 Scout Tower
33:37 Scout Tower
33:38 Scout Tower
33:38 Scout Tower
33:41 Guard Tower
33:42 Guard Tower
33:42 Guard Tower
33:56 Scout Tower
33:57 Scout Tower
33:58 Scout Tower
33:59 Scout Tower
34:00 Guard Tower
34:00 Guard Tower
34:02 Scout Tower
34:03 Scout Tower
34:04 Scout Tower
34:12 Town Hall
34:13 Guard Tower
34:13 Guard Tower
34:22 Guard Tower
34:24 Guard Tower
34:24 Guard Tower
34:25 Guard Tower
34:25 Guard Tower
34:28 Scout Tower
34:29 Scout Tower
34:31 Guard Tower
34:31 Guard Tower
34:32 Scout Tower
34:33 Scout Tower
34:37 Guard Tower
34:37 Guard Tower
34:37 Guard Tower
34:37 Guard Tower
34:37 Guard Tower
35:17 Guard Tower
35:18 Guard Tower
35:18 Guard Tower
» items
| Healing Salve | 3 | |
| Lesser Clarity Potion | 2 | |
| Scroll of Regeneration | 1 | |
| Scroll of Town Portal | 5 | |
| Potion of Healing | 1 | |
12 total
timg4strok (
teal | 117 APM | 4168 actions | 35:34)
6 Blademaster
3 Wind Walk
2 Critical Strike
1 Bladestorm
» actions
| Assign group hotkey | 19 | |
| Basic commands | 10 | |
| Build / train | 73 | |
| ESC pressed | 2 | |
| Enter build submenu | 42 | |
| Enter hero's abilities submenu | 6 | |
| Give item / drop item | 2 | |
| Right click | 2669 | |
| Select / deselect | 263 | |
| Select group hotkey | 909 | |
| Use ability | 173 | |
4168 total
» units
» upgrades
| Ranged Weapons | 3 | |
| Liquid Fire | 1 | |
| Reinforced Defenses | 1 | |
| Armor | 1 | |
| Troll Regeneration | 1 | |
7 total
» buildings
| Altar of Storms | 2 | |
| Orc Burrow | 5 | |
| War Mill | 1 | |
| Voodoo Lounge | 4 | |
| Watch Tower | 22 | |
| Stronghold | 1 | |
| Beastiary | 3 | |
| Fortress | 1 | |
| Barracks | 1 | |
| Great Hall | 1 | |
41 total
» build order
00:06 Altar of Storms
00:15 Orc Burrow
00:32 War Mill
01:00 Voodoo Lounge
01:55 Watch Tower
02:08 Orc Burrow
02:42 Watch Tower
03:23 Watch Tower
03:23 Watch Tower
03:50 Stronghold
04:10 Voodoo Lounge
04:45 Watch Tower
04:46 Watch Tower
05:10 Watch Tower
05:10 Watch Tower
05:42 Watch Tower
05:42 Watch Tower
05:47 Watch Tower
05:47 Watch Tower
06:48 Beastiary
07:54 Beastiary
07:57 Fortress
09:11 Watch Tower
09:14 Voodoo Lounge
09:42 Orc Burrow
10:25 Voodoo Lounge
11:29 Watch Tower
11:29 Watch Tower
11:41 Orc Burrow
16:12 Watch Tower
16:14 Watch Tower
16:15 Watch Tower
16:16 Watch Tower
18:47 Barracks
27:41 Great Hall
27:57 Watch Tower
27:57 Watch Tower
27:58 Watch Tower
30:02 Altar of Storms
30:48 Orc Burrow
32:44 Beastiary
» items
| Healing Salve | 5 | |
| Lesser Clarity Potion | 12 | |
| Scroll of Speed | 2 | |
| Potion of Healing | 2 | |
| Orb of Lightning | 1 | |
22 total
team 2 (loser)
LoVeLuSi.P.uSSy (
pink | 120 APM | 4273 actions | 35:34)
5 Tauren Chieftain
3 Shockwave
2 Endurance Aura
4 Shadow Hunter
2 Hex
2 Healing Wave
2 Pit Lord
1 Rain of Fire
1 Cleaving Attack
» actions
| Assign group hotkey | 57 | |
| Basic commands | 405 | |
| Build / train | 89 | |
| ESC pressed | 9 | |
| Enter build submenu | 25 | |
| Enter hero's abilities submenu | 12 | |
| Give item / drop item | 5 | |
| Right click | 1758 | |
| Select / deselect | 592 | |
| Select group hotkey | 1172 | |
| Use ability | 149 | |
4273 total
» units
| Peon | 9 | |
| Troll Headhunter/Berserker | 24 | |
| Grunt | 1 | |
| Demolisher | 2 | |
36 total
» upgrades
| Ranged Weapons | 2 | |
| Armor | 1 | |
| Troll Regeneration | 1 | |
| Berserker Upgrade | 1 | |
| Burning Oil | 1 | |
| Spiked Barricades | 3 | |
| Reinforced Defenses | 1 | |
10 total
» buildings
| Altar of Storms | 1 | |
| Orc Burrow | 6 | |
| War Mill | 1 | |
| Barracks | 3 | |
| Voodoo Lounge | 1 | |
| Stronghold | 1 | |
| Fortress | 1 | |
| Great Hall | 1 | |
| Watch Tower | 5 | |
20 total
» build order
00:13 Altar of Storms
00:24 Orc Burrow
01:15 War Mill
01:22 Barracks
01:37 Orc Burrow
01:51 Voodoo Lounge
03:00 Barracks
03:42 Barracks
04:14 Orc Burrow
08:06 Stronghold
09:18 Orc Burrow
09:55 Orc Burrow
11:27 Fortress
23:48 Orc Burrow
30:02 Great Hall
30:17 Watch Tower
30:25 Watch Tower
30:53 Watch Tower
33:48 Watch Tower
33:52 Watch Tower
» items
| Healing Salve | 4 | |
| Lesser Clarity Potion | 8 | |
| Scroll of Speed | 3 | |
| Scroll of Town Portal | 1 | |
| Orb of Lightning | 1 | |
| Potion of Mana | 2 | |
| Potion of Healing | 2 | |
21 total
TFT-SuX (
yellow | 112 APM | 3951 actions | 35:14)
5 Death Knight
3 Death Coil
1 Unholy Aura
1 Death Pact
4 Lich
2 Frost Nova
1 Frost Armor
1 Dark Ritual
3 Crypt Lord
2 Impale
1 Spiked Carapace
» actions
| Assign group hotkey | 36 | |
| Basic commands | 368 | |
| Build / train | 82 | |
| ESC pressed | 1 | |
| Enter build submenu | 21 | |
| Enter hero's abilities submenu | 12 | |
| Give item / drop item | 3 | |
| Right click | 1484 | |
| Select / deselect | 711 | |
| Select group hotkey | 1093 | |
| Use ability | 140 | |
3951 total
» units
| Acolyte | 10 | |
| Ghoul | 2 | |
| Crypt Fiend | 20 | |
| Frost Wyrm | 5 | |
| Banshee | 5 | |
42 total
» upgrades
| Creature Attack | 2 | |
| Web | 1 | |
| Freezing Breath | 1 | |
| Banshee Training | 1 | |
5 total
» buildings
| Graveyard | 1 | |
| Crypt | 1 | |
| Ziggurat | 8 | |
| Altar of Darkness | 1 | |
| Tomb of Relics | 2 | |
| Halls of the Dead | 1 | |
| Nerubian Tower | 2 | |
| Black Citadel | 1 | |
| Sacrificial Pit | 1 | |
| Boneyard | 1 | |
| Temple of the Damned | 1 | |
| Spirit Tower | 3 | |
| Necropolis | 1 | |
24 total
» build order
00:12 Graveyard
00:15 Crypt
00:19 Ziggurat
00:24 Altar of Darkness
01:13 Tomb of Relics
01:20 Ziggurat
03:22 Halls of the Dead
03:43 Ziggurat
04:23 Nerubian Tower
07:05 Black Citadel
07:06 Ziggurat
08:08 Sacrificial Pit
08:24 Ziggurat
09:39 Boneyard
10:42 Temple of the Damned
19:30 Spirit Tower
21:19 Necropolis
23:04 Ziggurat
23:39 Ziggurat
23:42 Tomb of Relics
24:14 Nerubian Tower
24:44 Spirit Tower
24:44 Spirit Tower
32:17 Ziggurat
» items
| Rod of Necromancy | 1 | |
| Dust of Appearance | 2 | |
| Scroll of Town Portal | 1 | |
| Potion of Healing | 1 | |
5 total
|cFF0000FFGoGa (
orange | 86 APM | 3019 actions | 35:16)
4 Priestess of the Moon
2 Trueshot Aura
2 Searing Arrows
» actions
| Assign group hotkey | 20 | |
| Basic commands | 125 | |
| Build / train | 72 | |
| ESC pressed | 1 | |
| Enter build submenu | 23 | |
| Enter hero's abilities submenu | 4 | |
| Give item / drop item | 1 | |
| Right click | 1638 | |
| Select / deselect | 573 | |
| Select group hotkey | 511 | |
| Use ability | 51 | |
3019 total
» units
| Wisp | 36 | |
| Huntress | 5 | |
| Glaive Thrower | 9 | |
| Dryad | 5 | |
| Archer | 9 | |
64 total
» upgrades
| Vorpal Blades | 1 | |
| Strength of the Moon | 1 | |
2 total
» buildings
| Altar of Elders | 1 | |
| Moon Well | 8 | |
| Hunter's Hall | 1 | |
| Ancient of War | 2 | |
| Tree of Ages | 1 | |
| Tree of Life | 4 | |
| Ancient of Lore | 1 | |
18 total
» build order
00:11 Altar of Elders
00:17 Moon Well
01:32 Hunter's Hall
01:42 Ancient of War
02:01 Ancient of War
02:16 Moon Well
05:03 Moon Well
05:34 Moon Well
07:02 Tree of Ages
07:36 Moon Well
08:44 Tree of Life
09:45 Ancient of Lore
15:09 Tree of Life
16:09 Tree of Life
18:51 Moon Well
18:52 Moon Well
31:53 Moon Well
35:05 Tree of Life
Chat log
(34:42 / All) iceboy: nnooooobs
(35:17 / All) timg4strok: CYA